 Dungeon Crawl Stone Soup version 0.20.1-1-g8b1a95d (webtiles) character file.

75 Knicklaso the Skirmisher (level 4, 0/41 HPs)
             Began as a Hill Orc Fighter on July 21, 2017.
             Slain by a hobgoblin
             ... wielding a cursed -1 club
              (1 damage)
             ... on level 3 of the Dungeon.
             The game lasted 00:05:05 (1432 turns).

Knicklaso the Skirmisher (Hill Orc Fighter)         Turns: 1432, Time: 00:05:06

Health: 0/41       AC:  3    Str: 19    XL:     4   Next: 31%
Magic:  4/4        EV:  8    Int:  8    God:
Gold:   117        SH: 10    Dex: 10    Spells: 3/3 levels left

rFire    + . .     SeeInvis .   t - -2 hunting sling (curse)
rCold    . . .     Gourm    .   c - +1 shield
rNeg     + . .     Faith    .   m - +0 leather armour {rN+}
rPois    .         Spirit   .   (no helmet)
rElec    .         Reflect  .   (no cloak)
rCorr    .         Harm     .   (no gloves)
MR       .....                  (no boots)
Stlth    +.........             (no amulet)
Regen    0.2/turn               r - ring of protection from fire
MPRegen  0.1/turn               (no ring)

@: no status effects
A: no striking features
a: no special abilities


You were on level 3 of the Dungeon.
You were very hungry.

You visited 1 branch of the dungeon, and saw 3 of its levels.

You collected 117 gold pieces.

Inventory:

Hand Weapons
 a - a +1 war axe
 t - a cursed -2 hunting sling (weapon)
Armour
 b - a +0 scale mail
 c - a +1 shield (worn)
 m - a +0 leather armour of positive energy (worn)
Jewellery
 r - a ring of protection from fire (left hand)
Scrolls
 h - a scroll of noise
 i - 4 scrolls of teleportation
 j - a scroll of identify
 o - a scroll of enchant weapon
Potions
 d - a potion of might
 e - a potion of lignification
 g - a potion of heal wounds {unknown}
 p - a potion of resistance {unknown}
 s - a potion of curing {unknown}
Comestibles
 f - 2 bread rations
 n - a royal jelly


   Skills:
 + Level 4.8 Fighting
 * Level 4.7 Axes
 - Level 3.2 Armour
 - Level 3.2 Shields


You had 3 spell levels left.
You didn't know any spells.

Dungeon Overview and Level Annotations

Branches:
Dungeon (3/15)

Altars:


Message History

* * * LOW HITPOINT WARNING * * *
You clumsily bash the hobgoblin but do no damage.
You block the hobgoblin's attack.
The hobgoblin hits you but does no damage.
Your leather armour prevents you from hitting the hobgoblin.
You block the hobgoblin's attack.
You closely miss the hobgoblin. The hobgoblin barely misses you.
The hobgoblin hits you but does no damage.
You clumsily bash the hobgoblin but do no damage.
The hobgoblin hits you with a club.
* * * LOW HITPOINT WARNING * * *
You barely miss the hobgoblin. You block the hobgoblin's attack.
Your shield prevents you from hitting the hobgoblin.
The hobgoblin hits you with a club.
* * * LOW HITPOINT WARNING * * *
The hobgoblin barely misses you.
You completely miss the hobgoblin. You block the hobgoblin's attack.
You clumsily bash the hobgoblin but do no damage.
You block the hobgoblin's attack. The hobgoblin hits you with a club.
You die...

###################
#.@g..............#
######.##########.#
#.# #... #.. #.##
#..# #####.## #..#
........ ...#
#####.< ##.# #..
#..


You could see a hobgoblin.

Vanquished Creatures
  An adder (D:2)
  2 oozes (D:1)
  4 dart slugs
  A leopard gecko (D:2)
  A giant cockroach (D:2)
  5 goblins
  5 hobgoblins
  5 jackals (D:1)
  6 kobolds
  7 bats
  3 frilled lizards
  7 rats
47 creatures vanquished.

Notes
Turn   | Place    | Note
-------+----------+-------------------------------------------
     0 | D:1      | Knicklaso the Hill Orc Fighter began the quest for the Orb.
     0 | D:1      | Reached XP level 1. HP: 19/19 MP: 1/1
    75 | D:1      | Reached XP level 2. HP: 27/27 MP: 2/2
   226 | D:1      | Reached XP level 3. HP: 34/34 MP: 3/3
   997 | D:2      | Reached XP level 4. HP: 41/41 MP: 4/4
  1424 | D:3      | HP: 2/41 [hobgoblin/club (2)]
  1430 | D:3      | HP: 1/41 [hobgoblin/club (1)]
  1432 | D:3      | Slain by a hobgoblin

Skill      XL: |  1  2  3 |
---------------+----------+-----
Fighting       | 4 |  4.8
Axes           | 3 4 |  4.7
Armour         | |  3.2
Shields        | |  3.2

Action                   |  1- 3 |  4- 6 || total
-------------------------+-------+-------++-------
Melee: War axe           |    98 |    20 ||   118
       Hunting sling     |       |    88 ||    88
  Use: Scroll            |       |     8 ||     8
  Eat: Chunk             |       |     1 ||     1
Armor: Scale mail        |    57 |    10 ||    67
       Leather armour    |       |    19 ||    19
Dodge: Dodged            |    38 |    22 ||    60
Block: Shield            |    65 |    65 ||   130
